 Dungeon Crawl Stone Soup version 0.18.1-48-g4cf74bf (webtiles) character file.

688 Neosonic97 the Skirmisher (level 7, 0/66 HPs)
             Began as a Black Draconian Transmuter on Sept 8, 2016.
             Was an Initiate of Cheibriados.
             Slain by a centaur (10 damage)
             ... on level 5 of the Dungeon.
             The game lasted 00:15:58 (4765 turns).

Neosonic97 the Skirmisher (DrTm)                    Turns: 4765, Time: 00:15:59

Health: 0/66       AC:  2    Str: 20    XL:     7   Next: 36%
Magic:  8/10       EV: 19    Int: 16    God:    Cheibriados [......]
Gold:   208        SH:  0    Dex: 17    Spells: 3 memorised, 1 level left

rFire  . . .     SeeInvis .       - Unarmed
rCold  . . .     Gourm    .     (armour unavailable)
rNeg   . . .     Faith    .     (shield currently unavailable)
rPois  x         Spirit   .     (helmet currently unavailable)
rElec  .         Dismiss  .     (cloak currently unavailable)
rCorr  .         Reflect  .     (gloves currently unavailable)
SustAt .         Harm     .     (boots currently unavailable)
MR     .....                    (no amulet)
Stlth  ++........               r - +4 ring of strength
                                d - +2 ring of strength

@: spider-form (expiring), marked, very slow, not resistant to hostile
enchantments, unstealthy
A: (breathe lightning), unfitting armour, (electricity resistance),
(cold-blooded), AC +6
a: End Transformation, Bend Time, Renounce Religion


You were on level 5 of the Dungeon.
You worshipped Cheibriados.
Cheibriados was noncommittal.
You were not hungry.
You were a venomous arachnid creature.
You visited 2 branches of the dungeon, and saw 6 of its levels.

You collected 208 gold pieces.

Inventory:

Missiles
 a - 64 arrows
Jewellery
 d - a +2 ring of strength (left front leg)
 r - a +4 ring of strength (right front leg)
Scrolls
 h - a scroll of random uselessness {unknown}
 i - a scroll of remove curse
 j - 3 scrolls of teleportation
 m - 7 scrolls of identify {unknown}
 o - a scroll of amnesia {unknown}
 p - a scroll of enchant armour
 q - a scroll of immolation {unknown}
 s - a scroll of fear {unknown}
Potions
 k - a potion of magic {unknown}
 n - 3 potions of flight {unknown}
 t - a potion of mutation {unknown}
 u - a potion of haste
Books
 b - a book of Changes

   Spells                             Type                      Level
   a - Beastly Appendage              Transmutation                1
   b - Sticks to Snakes               Transmutation                2
   c - Spider Form                    Transmutation/Poison         3
   d - Ice Form                       Ice/Transmutation            4
   e - Blade Hands                    Transmutation                5
 g - a Necronomicon

   Spells                             Type                      Level
   a - Haunt                          Necromancy/Summoning         7
   b - Borgnjor's Revivification      Necromancy                   8
   c - Death's Door                   Charms/Necromancy            8
   d - Necromutation                  Transmutation/Necromancy     8
 l - a book of Misfortune

   Spells                             Type                      Level
   a - Confusing Touch                Hexes                        2
   b - Confuse                        Hexes                        3
   c - Gell's Gravitas                Hexes/Translocation          3
   d - Petrify                        Transmutation/Earth          4
   e - Metabolic Englaciation         Hexes/Ice                    5
   f - Yara's Violent Unravelling     Hexes/Transmutation          5
Comestibles
 c - 4 bread rations
 f - a beef jerky
 v - a chunk of flesh


   Skills:
 * Level 7.2 Fighting
 - Level 1.7 Dodging
 + Level 5.2 Unarmed Combat
 - Level 2.0 Spellcasting
 * Level 2.2 Transmutations
 - Level 1.0 Poison Magic


You had one spell level left.
You knew the following spells:

 Your Spells              Type           Power        Failure   Level  Hunger
a - Beastly Appendage     Trmt           #.....       24%         1    #......
b - Spider Form           Trmt/Pois      #.........   56%         3    ###....
c - Blade Hands           Trmt           #.........   100%        5    ######.


Dungeon Overview and Level Annotations

Branches:
Dungeon (5/15)             Temple (1/1) D:4

Altars:
Cheibriados
Dithmenos
Fedhas
Makhleb
Nemelex Xobeh
Okawaru
Trog
Yredelemnul
The Shining One


Innate Abilities, Weirdness & Mutations

((You can breathe wild blasts of lightning.))
((Your glossy black scales are hard (AC +6).))
Your body does not fit into most forms of armour.
((You are resistant to electric shocks.))
((You are cold-blooded and may be slowed by cold attacks.))


Message History

You kill the adder!
Cheibriados thoroughly appreciates the change of pace.
The centaur closely misses you.
You hit the centaur but do no damage.
The centaur is poisoned.
The centaur closely misses you.
A worker ant comes into view.
You hit the centaur but do no damage.
The centaur looks even sicker.
The centaur is lightly wounded.
The centaur barely misses you. The centaur hits you.
* * * LOW HITPOINT WARNING * * *
You hit the centaur.
The centaur is moderately wounded.
The centaur completely misses you.
You hit the centaur but do no damage.
The centaur is moderately wounded.
The centaur completely misses you.
You hit the centaur but do no damage.
The centaur looks even sicker.
The centaur is moderately wounded.
The centaur hits you!
You die...

### ###.........#.....
###.......# .......
##........# #..........
#.........# #............
#.....a#..# ............
#.......#.####...........
##.......#..##............
#.........†...............
#......(.sc)..((..........
#..........#.(#((.........
#..........#..(.(.c.......
#####.........##..#..(($.....
#.'_'..........#..##.........
#.###..........##..#.........
#.##...........##..##........
#..............###.##........
################ ########...


You could see a centaur and a worker ant.

Vanquished Creatures
  2 ogres (D:4)
  A centaur (D:5)
  A scorpion (D:4)
  A howler monkey (D:4)
  Terence (D:2)
  5 worker ants (D:4)
  A hound zombie (D:5)
  10 adders
  An ooze (D:1)
  2 adder skeletons (D:4)
  5 worms
  3 dart slugs
  4 giant geckos
  8 orcs
  A ball python (D:2)
  5 giant cockroaches
  10 hobgoblins
  A quokka (D:4)
  3 bats (D:2)
  9 giant newts
  6 goblins
  3 kobolds (D:1)
  5 rats
88 creatures vanquished.

Notes
Turn   | Place    | Note
--------------------------------------------------------------
     0 | D:1      | Neosonic97 the Draconian Transmuter began the quest for the Orb.
     0 | D:1      | Reached XP level 1. HP: 16/16 MP: 3/3
   451 | D:1      | Reached skill level 2 in Fighting
   451 | D:1      | Reached XP level 2. HP: 24/25 MP: 1/5
  1229 | D:2      | Reached skill level 3 in Fighting
  1393 | D:2      | Reached XP level 3. HP: 10/31 MP: 4/6
  1689 | D:2      | Noticed Terence
  1708 | D:2      | Killed Terence
  1708 | D:2      | Reached XP level 4. HP: 4/40 MP: 4/7
  2169 | D:2      | Reached skill level 4 in Fighting
  2594 | D:3      | Learned a level 3 spell: Spider Form
  2633 | D:3      | Found a blossoming altar of Fedhas.
  3181 | D:3      | Reached XP level 5. HP: 41/47 MP: 6/8
  3477 | D:4      | Reached skill level 5 in Fighting
  3759 | D:4      | Found a glowing golden altar of the Shining One.
  3902 | D:4      | Reached XP level 6. HP: 50/57 MP: 5/9
  4001 | D:4      | Reached skill level 6 in Fighting
  4159 | D:4      | Reached skill level 1 in Poison Magic
  4164 | D:4      | Your scales start taking on a glossy black colour.
  4164 | D:4      | Reached XP level 7. HP: 33/64 MP: 1/10
  4164 | D:4      | Gained mutation: You are resistant to electric shocks. [Black Draconian growth]
  4419 | D:4      | Found a staircase to the Ecumenical Temple.
  4429 | Temple   | Entered the Ecumenical Temple
  4506 | Temple   | Became a worshipper of Cheibriados the Contemplative
  4591 | D:4      | Reached skill level 5 in Unarmed Combat
  4633 | D:4      | Learned a level 5 spell: Blade Hands
  4634 | D:5      | Entered Level 5 of the Dungeon
  4702 | D:5      | Found a sparkling altar of Nemelex Xobeh.
  4729 | D:5      | Reached skill level 7 in Fighting
  4750 | D:5      | HP: 1/66 [centaur/arrow (7)]
  4765 | D:5      | Slain by a centaur

Skill      XL: |  1  2  3  4  5  6  7 |
---------------+----------------------+-----
Fighting       | 2 3 4 5 6 7 |  7.2
Unarmed Combat | 4 5 |  5.2
Poison Magic   | 1 |  1.0
Dodging        | |  1.7
Spellcasting   | |  2.0
Transmutations | |  2.2

Action                   |  1- 3 |  4- 6 |  7- 9 || total
-------------------------+-------+-------+-------++-------
Melee: Unarmed           |   146 |   221 |    40 ||   407
       Headbutt          |    11 |     8 |     4 ||    23
       Tailslap          |    18 |     9 |     4 ||    31
       Kick              |    11 |    16 |       ||    27
       Punch             |     1 |     2 |     1 ||     4
 Cast: Beastly Appendage |    27 |    28 |     2 ||    57
       Spider Form       |       |     6 |     4 ||    10
 Abil: Breathe Lightning |       |       |     1 ||     1
  Use: Potion            |     1 |     3 |     2 ||     6
       Scroll            |       |     4 |       ||     4
 Stab: Sleeping          |     1 |     1 |       ||     2
  Eat: Chunk             |     3 |    10 |     3 ||    16
Armor: Skin              |    31 |    52 |    18 ||   101
Dodge: Dodged            |    87 |   127 |    43 ||   257
